 Dungeon Crawl Stone Soup version 0.29.0-13-gc9e81de378 (webtiles) character file.

Game seed: 7457870489290611053

119915 Armakuni the Devastator (level 17, -9/117 HPs)
             Began as a Human Fighter on Sept 9, 2022.
             Was a High Priest of Vehumet.
             Succumbed to poison
             ... on level 1 of the Swamp on Sept 10, 2022.
             The game lasted 01:42:51 (40600 turns).

Armakuni the Devastator (Human Fighter)            Turns: 40600, Time: 01:42:52

Health: -9/117     AC: 17    Str: 16    XL:     17   Next: 35%
Magic:  13/28      EV: 27    Int: 19    God:    Vehumet [*****.]
Gold:   615        SH:  8    Dex: 13    Spells: 8/38 levels left

rFire   + . .      SeeInvis +   a - +6 demon whip (vamp)
rCold   + . .      Faith    .   J - +3 buckler {rC+ rF+}
rNeg    . . .      Spirit   .   y - +0 acid dragon scales
rPois   .          Reflect  .   x - +2 hat {Will+}
rElec   .          Harm     .   u - +0 cloak
rCorr   +          Rampage  .   o - +0 pair of gloves
Will    ++...                   e - +0 pair of boots
Stlth   +.........              A - amulet of the acrobat
HPRegen 0.29/turn               I - ring of see invisible
MPRegen 0.21/turn               P - +4 ring of protection

@: lethally poisoned (-9 -> -48), acrobatic, studying Fire Magic
A: clever 1, low MP 1, screaming 1, subdued magic 1
a: Renounce Religion


You were on level 1 of the Swamp.
You worshipped Vehumet.
Vehumet was extremely pleased with you.
You visited 5 branches of the dungeon, and saw 24 of its levels.
You visited the Abyss 1 time.

You collected 2474 gold pieces.
You spent 1859 gold pieces at shops.

Inventory:

Hand Weapons
 a - a +6 vampiric demon whip (weapon)
Missiles
 c - 4 throwing nets
 k - 2 curare-tipped darts (quivered)
Armour
 e - a +0 pair of boots (worn)
 o - a +0 pair of gloves (worn)
 u - a +0 cloak (worn)
 x - a +2 hat of willpower (worn)
 y - +0 acid dragon scales (worn)
 J - a +3 buckler of resistance (worn)
Magical Staves
 b - a staff of conjuration
 G - a staff of air
 H - a staff of cold
Jewellery
 A - an amulet of the acrobat (around neck)
 I - a ring of see invisible (left hand)
 L - a ring of flight
 P - a +4 ring of protection (right hand)
Wands
 d - a wand of roots (9)
 v - a wand of flame (12)
 C - a wand of quicksilver (3)
Scrolls
 g - 6 scrolls of vulnerability
 h - a scroll of teleportation
 i - 5 scrolls of amnesia
 j - 5 scrolls of identify
 n - 3 scrolls of blinking
 q - 6 scrolls of magic mapping
 r - a scroll of poison
 w - 2 scrolls of silence
 B - 3 scrolls of torment
 D - 4 scrolls of noise
 E - a scroll of summoning
Potions
 f - a potion of heal wounds
 l - 2 potions of flight
 m - a potion of magic
 s - 8 potions of curing
 z - 2 potions of cancellation
 M - 8 potions of lignification


   Skills:
 - Level 6.0 Fighting
 - Level 8.3(12.0) Maces & Flails
 - Level 13.4(14.4) Staves
 + Level 6.6 Armour
 - Level 5.0 Dodging
 - Level 6.0 Shields
 - Level 11.0 Spellcasting
 - Level 15.6 Conjurations
 - Level 3.0 Hexes
 - Level 3.0 Translocations
 - Level 6.0 Fire Magic
 - Level 4.3 Ice Magic
 - Level 10.0 Evocations


You had 8 spell levels left.
You knew the following spells:

 Your Spells              Type           Power      Damage    Failure   Level
a - Stone Arrow           Conj/Erth      60%        3d10      1%          3
b - Starburst             Conj/Fire      19%        6d7       4%          6
j - Freezing Cloud        Conj/Ice/Air   13%        6-21      4%          5
m - Mephitic Cloud        Conj/Pois/Air  23%        N/A       1%          3
p - Fulminant Prism       Conj/Hex       17%        3d11      1%          4
s - Sticky Flame          Conj/Fire      39%        2d6       1%          4
z - Searing Ray           Conj           100%       2d8       0%          2
A - Apportation           Tloc           32%        N/A       2%          1
K - Blink                 Tloc           32%        N/A       3%          2

Your spell library contained the following spells:

 Spells                   Type           Power      Damage    Failure   Level
 Yara's Violent Unravell  Hex/Tmut       6%         3d5       36%         5
 Magic Dart               Conj           100%       1d8       0%          1
 Slow                     Hex            64%        N/A       2%          1
 Lightning Bolt           Conj/Air       15%        1d29      2%          5
 Confusing Touch          Hex            16%        N/A       8%          3
 Lesser Beckoning         Tloc           16%        N/A       8%          3
 Sublimation of Blood     Necr           8%         N/A       14%         2
 Wereblood                Tmut           8%         N/A       14%         2
 Vampiric Draining        Necr           8%         2d6       28%         3
 Manifold Assault         Tloc           16%        N/A       61%         5
 Corpse Rot               Necr/Pois/Air  8%         N/A       69%         4
 Dispel Undead            Necr           8%         3d8       69%         4
 Alistair's Intoxication  Tmut/Pois      5%         N/A       96%         5
 Dispersal                Tloc           8%         N/A       99%         6
 Death Channel            Necr           4%         N/A       100%        6
 Summon Hydra             Summ           4%         N/A       100%        7
 Disjunction              Tloc           8%         N/A       100%        8


Dungeon Overview and Level Annotations

Branches:
Dungeon (15/15)            Temple (1/1) D:6            Lair (5/5) D:9
  Swamp (1/4) Lair:3        Snake (0/4) Lair:3        Slime (0/5) Lair:5
    Orc (2/2) D:10            Elf (0/3) Orc:2        Vaults (0/5) D:14
 Depths (0/4) D:15

Altars:
Ashenzari
Cheibriados
Dithmenos
Elyvilon
Fedhas
Gozag
Hepliaklqana
Kikubaaqudgha
Makhleb
Nemelex Xobeh
Okawaru
Qazlal
Ru
Sif Muna
Trog
Uskayaw
Vehumet
Wu Jian
Xom
Yredelemnul
Zin
The Shining One

Shops:
D:5 (   D:8 *   Orc:1 [[:?   Orc:2 [[:*(

Annotations:
D:12 Rupert
Lair:2 2 transporters
Lair:5 3 runed translucent doors, Ge0ff's ghost, journeyman FoCj


Innate Abilities, Weirdness & Mutations

Your mind is acute. (Int +4, Str/Dex -1)
Your magical capacity is low. (-10% MP)
You occasionally shout uncontrollably at your foes.
Your spells are a little easier to cast, but a little less powerful.


Message History

You are poisoned.
Splash!
You fall into the toxic bog.
Moving in this stuff is going to be slow.
Casting: Starburst (dangerous; 4% risk of failure)
Confirm with . or Enter, or press ? or * to list all spells.
Casting: Starburst (dangerous; 4% risk of failure)
Press: ? - help, Dir - look around, f - activate The mangrove smoulders and burns.
The bolt of fire hits the swamp dragon!!
The swamp dragon is severely wounded.
The mangrove smoulders and burns.
The bolt of fire misses the fenstrider witch.
The mangrove smoulders and burns.
You fester in the toxic bog!
You are more poisoned.
You feel extremely sick.
The swamp dragon bites you but does no damage.
The swamp dragon claws you but does no damage.
The swamp dragon closely misses you.
The fenstrider witch points at you and mumbles some strange words.
Your body is wracked with pain!
* * * LOW HITPOINT WARNING * * *
Casting: Starburst (dangerous; 4% risk of failure)
Confirm with . or Enter, or press ? or * to list all spells.
Casting: Starburst (dangerous; 4% risk of failure)
Press: ? - help, Dir - look around, f - activate The bolt of fire misses the fenstrider witch.
The mangrove smoulders and burns.
The bolt of fire hits the swamp dragon!!
You kill the swamp dragon!
Vehumet accepts your kill.
You feel your power returning.
The swamp dragon scales are intact enough to wear.
The mangrove smoulders and burns.
You fester in the toxic bog!
You are more poisoned.
* * * LOW HITPOINT WARNING * * *
x2 You feel extremely sick.
You block the fenstrider witch's attack.
The fenstrider witch kicks you but does no damage.
You die...

~~..~~~..~~.♣ ♣♣♣♣♣♣
....~~~..~~~♣♣♣♣♣.~....
..~~~~.~~~~~♣♣~.......
...~~.♣°♣♣♣~....~~..§~
♣♣...§♣~♣§~♣...~~~~~~~
♣♣.~~§~♣~♣♣...~~~~~~§
♣♣~~~~~§§§♣§.~.~~~~...
~§§~~..>[°..~~~~~~~...
.~~§§..!H.@§§~....~~§~
~~~~...~§~§~§§~..♣♣♣♣♣
~~....~§~§§§~~~~.♣
~...~~~~~§~~§~~..~♣
~.○.~.....~~~§.♣♣~~~
~.§......$~~~~..~..~
~[.§~~~....§~~.~~.
~~~~~~......§...


You could see a fenstrider witch.

Vanquished Creatures
  Kirke (Lair:4)
  Azrael (D:12)
  A dire elephant (D:15)
  A bunyip (Swamp:1)
  4 hydras
  Harold (Lair:1)
  A rakshasa (D:15)
  8 boulder beetles
  Erolcha (D:9)
  4 ogre magi (Orc:2)
  3 vault guards (D:14)
  17 two-headed ogres
  5 centaur warriors
  4 catoblepae
  20 death yaks
  2 alligators (Swamp:1)
  A tengu warrior (D:15)
  Urug (D:13)
  2 orc high priests
  Amaemon (Lair:3)
  3 skeletal warriors
  A large abomination (Abyss:1)
  A bog body (Swamp:1)
  A swamp dragon (Swamp:1)
  A lindwurm (D:9)
  An orc knight (D:13)
  A wolf spider (D:15)
  A cyclops (D:14)
  2 deep elf pyromancers
  4 manticores
  19 ugly things
  A salamander (D:15)
  2 orc sorcerers (Orc:1)
  17 elephants
  6 black mambas
  A smoke demon (Abyss:1)
  A gargoyle (D:12)
  An ice statue (Lair:3)
  An apocalypse crab (Abyss:1)
  A guardian serpent (Lair:3)
  Psyche (D:8)
  10 cane toads
  An efreet (D:15)
  An orange demon (Lair:3)
  8 komodo dragons
  3 rime drakes
  2 tengu conjurers
  A kobold demonologist (D:11)
  An ice devil (Lair:3)
  4 polar bears
  A tyrant leech (Swamp:1)
  A hornet (D:9)
  3 bloated husks (Swamp:1)
  Grinder (D:4)
  9 trolls
  15 blink frogs
  Prince Ribbit (Lair:2)
  21 slime creatures
  A centaur simulacrum (D:15)
  A jumping spider (D:9)
  2 shadows
  A vampire (D:14)
  A wraith (D:13)
  4 water elementals (D:14)
  A ynoxinul (Abyss:1)
  49 yaks
  2 wyverns
  A hog (Lair:4)
  7 humans (D:14)
  2 fire bats (Lair:2)
  A golden eye (shapeshifter) (D:13)
  A steam dragon (D:10)
  6 basilisks
  A redback (D:9)
  2 vampire mosquitoes (D:15)
  5 fire elementals
  2 acid dragons
  5 wargs
  16 water moccasins
  A swamp worm (Swamp:1)
  Duvessa (D:7)
  4 hell hounds (D:12)
  A sky beast (D:7)
  3 black bears
  21 orc warriors
  5 ice beasts
  17 centaurs
  23 wolves
  34 ogres
  A phantom (D:7)
  4 kobold brigands
  9 bullfrogs
  3 gnoll sergeants
  7 scorpions
  8 wights
  Dowan (D:7)
  8 killer bees
  4 electric eels
  A howler monkey (D:7)
  2 lava snakes (D:9)
  7 hounds
  13 jellies (Lair:5)
  3 gnoll boudas (D:6)
  15 orc priests
  4 iguanas
  35 orc wizards
  23 gnolls
  8 adders
  2 white imps (Lair:3)
  2 ufetubi
  A worm (D:4)
  2 dart slugs
  86 orcs
  5 ball pythons
  8 endoplasms
  A giant cockroach (D:1)
  5 goblins
  11 hobgoblins
  4 jackals (D:1)
  31 kobolds
  3 quokkas
  3 bats
  2 frilled lizards (D:1)
  5 rats
  A fire vortex (Lair:2)
778 creatures vanquished.

Vanquished Creatures (collateral kills)
  A redback (D:9)
  A shadow imp (D:5)
2 creatures vanquished.

Vanquished Creatures (others)
  A vault guard (D:14)
  2 humans
  A sky beast (D:7)
  8 bushes
  2 fulminant prisms (Lair:1)
  37 fungi
  121 plants
172 creatures vanquished.

Grand Total: 952 creatures vanquished

Notes
Turn   | Place    | Note
-------+----------+-------------------------------------------
     0 | D:1      | Armakuni the Human Fighter began the quest for the Orb.
     0 | D:1      | Reached XP level 1. HP: 18/18 MP: 1/1
   158 | D:1      | Reached XP level 2. HP: 24/24 MP: 2/2
   250 | D:1      | Reached skill level 1 in Dodging
   710 | D:2      | Reached XP level 3. HP: 29/29 MP: 3/3
   821 | D:2      | Learned a level 2 spell: Blink
  1037 | D:2      | Found a faded altar of an unknown god.
  1083 | D:3      | Found a shimmering altar of Xom.
  1382 | D:3      | Reached XP level 4. HP: 32/35 MP: 4/4
  1994 | D:3      | Reached XP level 5. HP: 41/41 MP: 5/5
  2232 | D:4      | Noticed a black bear
  2247 | D:4      | Killed a black bear
  2248 | D:4      | Reached skill level 5 in Maces & Flails
  2248 | D:4      | Reached XP level 6. HP: 31/47 MP: 6/6
  2471 | D:4      | Learned a level 1 spell: Apportation
  2500 | D:4      | Noticed a black bear
  2534 | D:4      | Killed a black bear
  2545 | D:4      | Reached XP level 7. HP: 11/52 MP: 7/7
  3012 | D:4      | Noticed Grinder
  3014 | D:4      | Paralysed by Grinder for 5 turns
  3042 | D:4      | Killed Grinder
  3043 | D:4      | Reached skill level 5 in Fighting
  3399 | D:5      | Entered Level 5 of the Dungeon
  3399 | D:5      | Found Tuah's Weapon Shoppe.
  3406 | D:5      | Bought a +0 morningstar for 48 gold pieces
  3652 | D:5      | Reached XP level 8. HP: 55/64 MP: 8/8
  4067 | D:5      | Reached skill level 5 in Shields
  4846 | D:6      | Gained mutation: Your magical capacity is low. (-10% MP)
                  | [potion of mutation]
  4846 | D:6      | Gained mutation: You occasionally shout uncontrollably at
                  | your foes. [potion of mutation]
  4846 | D:6      | Gained mutation: Your spells are a little easier to cast,
                  | but a little less powerful. [potion of mutation]
  4846 | D:6      | Gained mutation: Your mind is acute. (Int +4, Str/Dex -1)
                  | [potion of mutation]
  5167 | D:6      | Reached XP level 9. HP: 62/69 MP: 8/8
  5336 | D:6      | Reached skill level 5 in Armour
  5500 | D:6      | Found a broken altar of Ashenzari.
  5863 | D:5      | Reached skill level 1 in Staves
  7289 | D:6      | Found a staircase to the Ecumenical Temple.
  7298 | Temple   | Entered the Ecumenical Temple
  7332 | Temple   | Became a worshipper of Vehumet
  7429 | D:7      | Reached skill level 5 in Staves
  7863 | D:7      | Reached XP level 10. HP: 70/76 MP: 9/9
  7897 | D:7      | Noticed Duvessa
  7897 | D:7      | Noticed Dowan
  7911 | D:7      | Killed Duvessa
  7943 | D:7      | Killed Dowan
  8688 | D:8      | Noticed Psyche
  8808 | D:8      | Killed Psyche
  9085 | D:7      | Reached * piety under Vehumet
  9085 | D:7      | Offered knowledge of Foxfire by Vehumet.
  9373 | D:7      | Reached skill level 10 in Staves
 10191 | D:7      | Reached XP level 11. HP: 75/81 MP: 9/9
 10496 | D:8      | Found Weoxaufa's Assorted Antiques.
 11297 | D:9      | Noticed Erolcha
 11812 | D:9      | Noticed a boulder beetle
 11829 | D:8      | Killed a boulder beetle
 12109 | D:9      | Reached ** piety under Vehumet
 12110 | D:9      | Offered knowledge of Shock by Vehumet.
 12172 | D:10     | Entered Level 10 of the Dungeon
 12643 | D:10     | Found a staircase to the Orcish Mines.
 12830 | D:10     | Offered knowledge of Mephitic Cloud by Vehumet.
 13154 | D:9      | Learned a level 3 spell: Mephitic Cloud
 13314 | D:10     | Found a white marble altar of Elyvilon.
 13371 | D:10     | Found a bloodstained altar of Trog.
 13371 | D:10     | Found a glowing golden altar of the Shining One.
 13437 | D:11     | You are sucked into a shaft and drop 1 floor!
 13517 | D:12     | Reached skill level 1 in Conjurations
 13543 | D:11     | Reached skill level 1 in Spellcasting
 14015 | D:11     | Reached skill level 2 in Conjurations
 15321 | D:11     | Reached skill level 3 in Conjurations
 15333 | D:11     | Reached XP level 12. HP: 76/88 MP: 14/14
 15398 | D:12     | Reached *** piety under Vehumet
 15404 | D:12     | Noticed a boulder beetle
 15587 | D:12     | Reached skill level 4 in Conjurations
 15757 | D:12     | Noticed a boulder beetle
 15779 | D:12     | Killed a boulder beetle
 15780 | D:12     | Reached skill level 5 in Conjurations
 15946 | D:12     | Noticed Azrael
 16277 | D:12     | Killed a boulder beetle
 16278 | D:12     | Reached skill level 6 in Conjurations
 17069 | Abyss:1  | Cast into level 1 of the Abyss (Erolcha)
 17116 | Abyss:1  | Reached skill level 7 in Conjurations
 17120 | Abyss:1  | Learned a level 2 spell: Searing Ray
 17129 | Abyss:1  | Noticed a large abomination
 17140 | Abyss:1  | Killed a large abomination
 17140 | Abyss:1  | Offered knowledge of Stone Arrow by Vehumet.
 17145 | Abyss:1  | Learned a level 3 spell: Stone Arrow
 17154 | Abyss:1  | Noticed a thrashing horror
 17163 | Abyss:2  | Noticed a large abomination
 17177 | Abyss:2  | Noticed a death knight
 17178 | Abyss:2  | Noticed a deep elf death mage
 17178 | Abyss:2  | Noticed a soul eater
 17179 | D:9      | Escaped the Abyss
 17306 | D:9      | Killed Erolcha
 17307 | D:9      | Reached skill level 8 in Conjurations
 17493 | D:9      | Found a staircase to the Lair.
 17811 | D:9      | Found a basalt altar of Yredelemnul.
 17947 | D:9      | Found a runed translucent door.
 18251 | D:9      | Found a runed translucent gate.
 18251 | D:9      | Found a runed translucent gate.
 18251 | D:9      | Found a runed translucent gate.
 18251 | D:9      | Found a runed translucent gate.
 18251 | D:9      | Found a runed translucent gate.
 18251 | D:9      | Found a runed translucent gate.
 18258 | D:9      | Noticed a boulder beetle
 18280 | D:9      | Killed a boulder beetle
 18281 | D:9      | Reached skill level 9 in Conjurations
 18602 | D:9      | Identified the amulet "Allomo" {Faith rN+}
 18688 | Lair:1   | Entered Level 1 of the Lair of Beasts
 18845 | Lair:1   | Noticed a four-headed hydra
 18937 | D:9      | Reached skill level 10 in Conjurations
 19165 | Lair:1   | Reached skill level 1 in Translocations
 19165 | Lair:1   | Reached XP level 13. HP: 55/93 MP: 15/16
 19522 | Lair:1   | Learned a level 4 spell: Fulminant Prism
 19624 | Lair:1   | Reached skill level 1 in Hexes
 20108 | Lair:1   | Killed a four-headed hydra
 20306 | Lair:1   | Reached **** piety under Vehumet
 20307 | Lair:1   | Reached skill level 5 in Spellcasting
 21383 | Lair:2   | Offered knowledge of Sticky Flame by Vehumet.
 21933 | Lair:2   | Noticed Harold
 22120 | Lair:2   | Reached skill level 11 in Conjurations
 22309 | Lair:2   | Noticed Prince Ribbit
 22310 | Lair:2   | Noticed a catoblepas
 22329 | Lair:2   | Killed Prince Ribbit
 22377 | Lair:2   | Noticed a boulder beetle
 22384 | Lair:2   | Killed a catoblepas
 22586 | Lair:1   | Killed a boulder beetle
 22969 | Lair:2   | Found a transporter.
 22970 | Lair:2   | Found a transporter.
 22970 | Lair:2   | Noticed a boulder beetle
 22970 | Lair:2   | Noticed a boulder beetle
 23003 | Lair:1   | Killed Harold
 23045 | Lair:1   | Reached skill level 12 in Conjurations
 23256 | Lair:1   | Learned a level 4 spell: Sticky Flame
 23379 | Lair:2   | Reached skill level 1 in Fire Magic
 23946 | Lair:2   | Reached XP level 14. HP: 84/100 MP: 16/20
 24100 | Lair:2   | Identified the +0 robe of the King of the Hill {rF- Int+8
                  | Dex-4 Stlth+}
 24984 | Lair:2   | Reached skill level 13 in Conjurations
 25240 | Lair:3   | Reached ***** piety under Vehumet
 25240 | Lair:3   | Offered knowledge of Freezing Cloud by Vehumet.
 25256 | Lair:2   | Learned a level 5 spell: Freezing Cloud
 26362 | Lair:3   | Found a staircase to the Snake Pit.
 26377 | Lair:3   | Reached skill level 1 in Ice Magic
 26377 | Lair:3   | Reached skill level 1 in Evocations
 26793 | Lair:3   | Noticed Amaemon
 26809 | Lair:3   | Killed Amaemon
 27049 | Lair:3   | Found a staircase to the Swamp.
 27674 | Lair:4   | Noticed Kirke
 27683 | Lair:4   | Killed Kirke
 28500 | Lair:4   | Reached skill level 5 in Evocations
 28861 | Lair:5   | Entered Level 5 of the Lair of Beasts
 29140 | Lair:5   | Reached XP level 15. HP: 105/105 MP: 13/23
 29674 | Lair:5   | Found a runed translucent gate.
 29675 | Lair:5   | Found a runed translucent gate.
 29677 | Lair:5   | Found a runed translucent gate.
 29748 | Lair:5   | Noticed Ge0ff's ghost (journeyman FoCj)
 30055 | Lair:5   | Found a staircase to the Slime Pits.
 32380 | D:12     | Killed Azrael
 32653 | D:12     | Noticed Rupert
 32654 | D:12     | Paralysed by Rupert for 2 turns
 33649 | D:13     | Reached skill level 10 in Spellcasting
 33866 | D:13     | Noticed Urug
 33875 | D:13     | Killed Urug
 33876 | D:13     | Reached skill level 10 in Evocations
 33876 | D:13     | Reached XP level 16. HP: 107/111 MP: 12/27
 34332 | D:14     | Offered knowledge of Lightning Bolt by Vehumet.
 34370 | D:14     | Learned a level 5 spell: Lightning Bolt
 35281 | D:14     | Reached skill level 14 in Conjurations
 35437 | D:14     | Found a gate to the Vaults.
 35450 | D:14     | Identified the +2 glaive of Chagrin {vorpal, Int+4}
 35723 | D:14     | Reached skill level 5 in Dodging
 36347 | D:15     | Entered Level 15 of the Dungeon
 36708 | D:15     | Reached skill level 15 in Conjurations
 37411 | D:15     | Offered knowledge of Starburst by Vehumet.
 37423 | D:15     | Learned a level 6 spell: Starburst
 37777 | D:15     | Found a staircase to the Depths.
 38178 | Orc:1    | Entered Level 1 of the Orcish Mines
 38220 | Orc:1    | Found Penteh's Armour Boutique.
 38229 | Orc:1    | Reached skill level 5 in Fire Magic
 38303 | Orc:1    | Found Luogooru's Armour Shoppe.
 38499 | Orc:1    | Found Lycwant's Magic Scroll Emporium.
 38507 | Orc:1    | Paralysed by an orc sorcerer for 2 turns
 38561 | Orc:1    | Bought a scroll of blinking for 105 gold pieces
 38561 | Orc:1    | Bought a scroll of blinking for 105 gold pieces
 38561 | Orc:1    | Bought a scroll of enchant weapon for 105 gold pieces
 38561 | Orc:1    | Bought a scroll of poison for 56 gold pieces
 38733 | Orc:1    | Found Naenoawk's Self-Improvement Boutique.
 38809 | Orc:2    | Entered Level 2 of the Orcish Mines
 38997 | Orc:2    | Found Wyxen's Assorted Antiques.
 38997 | Orc:2    | Found Baolet's Book Boutique.
 39002 | Orc:2    | Reached XP level 17. HP: 75/117 MP: 22/28
 39021 | Orc:2    | Offered knowledge of Yara's Violent Unravelling by Vehumet.
 39424 | Orc:2    | Found a staircase to the Elven Halls.
 39794 | Orc:2    | Found Feotetoa's Armour Boutique.
 39794 | Orc:2    | Found Leceweig's Armour Shoppe.
 39899 | Orc:2    | Found Wuwud's Weapon Shop.
 40127 | Orc:1    | Bought a manual of Fire Magic for 1440 gold pieces
 40290 | Swamp:1  | Entered Level 1 of the Swamp
 40599 | Swamp:1  | HP: 3/117 [poison]
 40600 | Swamp:1  | Succumbed to poison

Illustrated notes

Levels and vault maps discovered:
D:1:      dpeg_arrival_short_road, layout_rooms, serial_glass, glass_columns_a,
          glass_columns_a, feat_on_display, feat_on_display
D:2:      layout_basic, shapermc_ecumenical_altar_petra
D:3:      layout_loops_corners, mainiacjoe_overflow_paths,
          chequers_serial_rivers_small_b, kennysheep_path_1
D:4:      layout_rooms, chequers_serial_rivers_room_a, minmay_misc_feat_iff,
          grunt_ministairs_6, uniq_grinder
D:5:      layout_cave_pools, serial_shops, shop, lemuel_flamethrower_2
D:6:      kennysheep_housing_project, layout_loops_corners,
          cheibrodos_ashenzari_chains, minmay_temple_entry_antechambers,
          grunt_decor_arrowhead, kennysheep_small_circle
D:7:      layout_basic, minmay_misc_feat_x, uniq_duvessa
D:8:      layout_gridville, serial_glass, glass_columns_a, glass_columns_c,
          item_on_display_a, feat_on_display, minmay_strange_pillars,
          due_unseen_surprise, serial_shops, nicolae_take_the_stairs,
          uniq_psyche
D:9:      gammafunk_indiana_jones, layout_cave_pools, general_overflow_altar,
          erik_lair_orcish_takeover, uniq_erolcha
D:10:     layout_cave_pools, nicolae_elyvilon_temple_path,
          gammafunk_temple_overflow_wave, david_orc_3, nicolae_titane
D:11:     layout_grid_maze
D:12:     layout_irregular_city, grunt_ogre_cave, uniq_azrael, uniq_rupert
D:13:     layout_rooms, portal_ice_cave_rime, drop_trap, uniq_urug
D:14:     layout_basic, ximxim_vaults_locker_room, dk_noncrumbling_3,
          nicolae_concentric_dashed_squares_mild, nicolae_underground_beach
D:15:     hangedman_depths_entry_try_elsewhere_first, layout_irregular_city,
          chequers_mini_garden
Temple:   lightli_temple_of_artemis
Lair:1:   layout_cave_pods, serial_bayou_ford_a, infiniplex_staircase_pool_2
Lair:2:   gammafunk_boulding_lane, layout_gridlike, nicolae_lair_grazing_beasts
          [nicolae_sub_lair_graze_edge, nicolae_sub_lair_graze_edge,
          nicolae_sub_lair_graze_edge, nicolae_sub_lair_graze_edge],
          uniq_prince_ribbit2, uniq_harold
Lair:3:   layout_cave_pods, minmay_swamp_entry_eels,
          minmay_snake_entry_spellcaster, ice2_lemuel, uniq_amaemon
Lair:4:   layout_cave_pods, uniq_kirke
Lair:5:   evilmike_catoblepas_cave, layout_misc_corridors,
          minmay_slime_entry_jelly_boxes, gammafunk_ghost_split,
          gammafunk_lair_bear_cave
Swamp:1:  layout_basic_swamp, lemuel_altar_in_water2
Orc:1:    layout_diamond_mine, serial_shops, nicolae_shop_behind_doors, shop,
          nicolae_shop_crystal, nicolae_shop_self_help
Orc:2:    st_orc_ogre_mass, layout_diamond_mine, serial_shops, shop,
          statue_in_the_mist_lemuel

Skill      XL: |  1  2  3  4  5  6  7  8  9 10 11 12 13 14 15 16 17 |
---------------+----------------------------------------------------+-----
Dodging        | 1 2 5 |  5.0
Maces & Flails | 3 5 6 8 |  8.3
Fighting       | 5 6 |  6.0
Shields        | 6 |  6.0
Armour         | 4 6 |  6.6
Staves         | 6 11 13 | 13.4
Conjurations   | 3 10 12 13 15 | 15.6
Spellcasting   | 2 3 5 7 10 11 | 11.0
Translocations | 1 3 |  3.0
Hexes          | 3 |  3.0
Fire Magic     | 2 4 5 6 |  6.0
Ice Magic      | 4 |  4.3
Evocations     | 6 10 | 10.0

Action                   |  1- 3 |  4- 6 |  7- 9 | 10-12 | 13-15 | 16-18 || total
-------------------------+-------+-------+-------+-------+-------+-------++-------
Melee: Flail             |    91 |    84 |   378 |   887 |   205 |       ||  1645
       Short sword       |       |    17 |    79 |   114 |       |       ||   210
       Unarmed           |       |       |       |     3 |       |       ||     3
       Whip              |       |       |       |    82 |   268 |       ||   350
       Demon whip        |       |       |       |       |   415 |   480 ||   895
 Fire: Sling             |       |       |     2 |       |       |       ||     2
Throw: Dart              |       |       |     4 |    46 |       |       ||    50
       Throwing net      |       |       |     4 |     1 |       |       ||     5
 Cast: Mephitic Cloud    |       |       |       |    14 |    40 |     1 ||    55
       Searing Ray       |       |       |       |     7 |     8 |       ||    15
       Stone Arrow       |       |       |       |     2 |    68 |    23 ||    93
       Sticky Flame      |       |       |       |       |    88 |    49 ||   137
       Fulminant Prism   |       |       |       |       |     2 |       ||     2
       Freezing Cloud    |       |       |       |       |    47 |    39 ||    86
       Blink             |       |       |       |       |     1 |       ||     1
       Lightning Bolt    |       |       |       |       |       |     7 ||     7
       Starburst         |       |       |       |       |       |    11 ||    11
Evoke: Wand              |       |       |       |    10 |    11 |       ||    21
  Use: Scroll            |     2 |     2 |     4 |    13 |    15 |     8 ||    44
       Potion            |       |     2 |     6 |     8 |     2 |     5 ||    23
 Stab: Held in net/web   |       |       |       |     1 |       |       ||     1
       Confused          |       |       |       |     9 |    15 |       ||    24
Armor: Scale mail        |    40 |    46 |   194 |   159 |       |       ||   439
       Acid dragon scale |       |       |       |   370 |   367 |   134 ||   871
Dodge: Dodged            |    35 |    54 |   208 |   640 |   424 |   180 ||  1541
Block: Buckler           |    22 |    24 |   116 |   276 |   235 |   134 ||   807
